 Dungeon Crawl Stone Soup version 0.30.0-29-ga12c61a403 (webtiles) character file.

Game seed: 1450504575956613292

2 Janerl the Poker (level 1, 0/21 HPs)
             Began as a Naga Berserker on June 10, 2023.
             Was a Follower of Trog.
             Slain by a quokka (2 damage)
             ... on level 1 of the Dungeon.
             The game lasted 00:00:30 (95 turns).

Janerl the Poker (Naga Berserker)                     Turns: 95, Time: 00:00:31

Health: 0/21       AC:  1    Str: 19    XL:     1   Next: 30%
Magic:  1/1        EV:  9    Int:  7    God:    Trog [*.....]
Gold:   13         SH:  0    Dex: 10    Spells: 0/0 levels left

rFire   . . .        a - +0 spear
rCold   . . .        (no shield)
rNeg    . . .        b - +0 animal skin
rPois   +            (no helmet)
rElec   .            (no cloak)
rCorr   .            (no gloves)
SInv    +            (no barding)
Will    .....        (no amulet)
Stlth   +            (no ring)
HPRegen 0.23/turn    (no ring)
MPRegen 0.07/turn

%: no passive effects
@: very slow
A: AC +0, large, see invisible, deformed body, poison resistance, slowness 2,
spit poison 1, naga tail 1
a: Spit Poison, Renounce Religion, Berserk


You were on level 1 of the Dungeon.
You worshipped Trog.
Trog was aware of your devotion.
You visited 1 branch of the dungeon, and saw 1 of its levels.

You collected 13 gold pieces.

Inventory:

Hand Weapons
 a - a +0 spear (weapon)
Armour
 b - a +0 animal skin (worn)
Potions
 c - a potion of curing {unknown}


   Skills:
 + Level 3.0 Fighting
 + Level 3.0 Polearms
 + Level 1.6 Armour
 + Level 1.5 Dodging


You couldn't memorise any spells.
You didn't know any spells.
Your spell library was empty.

Dungeon Overview and Level Annotations

Branches:
Dungeon (1/15)

Altars:


Innate Abilities, Weirdness & Mutations

Your serpentine skin is tough. (AC +0)
You have supernaturally acute eyesight. (SInv)
Armour fits poorly on your strangely shaped body.
Your system is resistant to poisons. (rPois)
You cover ground very slowly.
You can spit poison.
You have a snake-like lower body.


Message History

The bat barely misses you.
You closely miss the bat. The bat hits you.
You miss the bat. The bat closely misses you.
A kobold comes into view. It is wielding a +0 short sword.
The kobold shouts!
The bat hits you but does no damage. The bat closely misses you.
The bat hits you but does no damage. The bat barely misses you.
A quokka comes into view.
The bat closely misses you. The bat closely misses you.
The kobold hits you with a +0 short sword.
The bat hits you but does no damage.
You hit the kobold.
You kill the kobold!
Trog accepts your kill. The bat barely misses you.
A hobgoblin comes into view.
The bat barely misses you. The bat closely misses you.
You barely miss the bat. The bat closely misses you.
The bat hits you but does no damage.
You hit the bat but do no damage. The bat hits you but does no damage.
You hit the quokka but do no damage. The quokka bites you. The bat hits you.
The quokka bites you.
You closely miss the quokka. The bat hits you. The quokka barely misses you.
You hit the quokka but do no damage. The bat barely misses you.
The quokka bites you.
You miss the quokka. The bat completely misses you. The quokka bites you.
You hit the quokka.
The quokka is lightly wounded.
The bat barely misses you. The quokka barely misses you.
You barely miss the bat. The bat barely misses you. The quokka bites you.
* * * LOW HITPOINT WARNING * * *
The bat hits you but does no damage.
Unknown command.
There are monsters nearby!
The quokka attacks as you move away! The quokka barely misses you.
The bat hits you but does no damage. The quokka barely misses you.
The quokka attacks as you move away! The quokka bites you.
You die...

#. # . # .. ... # .... ##
.....######### ##.
......b......# ##..
......).r@...# ##...
.............# ##....
.....######.#########.....
..... #...........>..#
#### #.........<...##
#...........8..#
###########..... ##....
##...


You could see a quokka and a bat.

Vanquished Creatures
  A goblin (D:1)
  A kobold (D:1)
2 creatures vanquished.

Notes
Turn   | Place    | Note
-------+----------+-------------------------------------------
     0 | D:1      | Janerl the Naga Berserker began the quest for the Orb.
     0 | D:1      | Reached XP level 1. HP: 21/21 MP: 1/1
    95 | D:1      | Slain by a quokka

Illustrated notes

Levels and vault maps discovered:
D:1:      psy_arrival_spokes, layout_basic, minmay_box_of_dots

Action                     || total
---------------------------++-------
  Melee: Spear             ||    12
 Armour: Animal skin       ||     8
  Dodge: Dodged            ||    18
